 Dungeon Crawl Stone Soup version 0.17.1-3-g152610e (webtiles) character file.

83 juanjsm the Sneak (level 4, -13/21 HPs)
             Began as a Spriggan Enchanter on Apr 2, 2016.
             Killed by divine providence
             ... invoked by an orc priest
              (15 damage)
             ... on level 3 of the Dungeon.
             The game lasted 00:10:29 (1615 turns).

juanjsm the Sneak (Spriggan Enchanter)              Turns: 1615, Time: 00:10:29

Health: -13/21     AC:  3    Str:  4    XL:     4   Next: 22%
Magic:  1/9        EV: 18    Int: 17    God:
Gold:   120        SH:  0    Dex: 16    Spells: 3 memorised, 3 levels left

rFire  . . .     SeeInvis +     a - +1 dagger
rCold  . . .     Clarity  .     b - +1 robe
rNeg   . . .     SustAt   .     (shield restricted)
rPois  .         Gourm    .     (helmet restricted)
rElec  .         Spirit   .     (no cloak)
rCorr  .         Warding  .     (gloves unavailable)
rMut   .         Stasis   .     (boots unavailable)
MR     .....                    (no amulet)
Stlth  ++++......               (no ring)
                                g - ring of wizardry

@: very quick, not resistant to hostile enchantments, stealthy
A: unfitting armour, see invisible, herbivore 3, speed 3, slow metabolism 2
a: no special abilities


You were on level 3 of the Dungeon.
You were not hungry.

You visited 1 branch of the dungeon, and saw 3 of its levels.

You collected 120 gold pieces.

Inventory:

Hand Weapons
 a - a +1 dagger (weapon)
Armour
 b - a +1 robe (worn)
Jewellery
 g - a ring of wizardry (left hand)
Wands
 l - a wand of enslavement (9)
 n - a wand of digging (5)
Scrolls
 e - 2 scrolls of fear {unknown}
 f - 2 scrolls of identify {unknown}
 h - 3 scrolls of teleportation {unknown}
Potions
 j - a potion of heal wounds {unknown}
 k - a potion of magic {unknown}
 m - 2 potions of ambrosia {unknown}
 o - a potion of poison {unknown}
Books
 c - a book of Maledictions

   Spells                             Type                      Level
   a - Corona                         Hexes                        1
   b - Ensorcelled Hibernation        Hexes/Ice                    2
   c - Confuse                        Hexes                        3
   d - Tukima's Dance                 Hexes                        3
   e - Dazzling Spray                 Conjuration/Hexes            3
 i - a book of Spatial Translocations

   Spells                             Type                      Level
   a - Apportation                    Translocation                1
   b - Blink                          Translocation                2
   c - Shroud of Golubria             Charms/Translocation         2
   d - Portal Projectile              Translocation                3
   e - Teleport Other                 Translocation                3
   f - Passage of Golubria            Translocation                4
Comestibles
 d - 3 bread rations


   Skills:
 * Level 0.5 Fighting
 * Level 1.4 Short Blades
 + Level 3.3 Dodging
 * Level 5.8 Stealth
 + Level 3.1 Spellcasting
 + Level 4.3 Hexes
 + Level 0.7 Ice Magic


You had 3 spell levels left.
You knew the following spells:

 Your Spells              Type           Power        Failure   Level  Hunger
a - Corona                Hex            ###....      1%          1    None
b - Ensorcelled Hibernat  Hex/Ice        ##....       4%          2    ##.....
c - Dazzling Spray        Conj/Hex       ##......     10%         3    ###....


Dungeon Overview and Level Annotations

Branches:
Dungeon (3/15)

Altars:


Innate Abilities, Weirdness & Mutations

You are tiny and cannot use many weapons and most armour.
You have supernaturally acute eyesight.
You are a herbivore.
You cover ground extremely quickly.
You need consume almost no food.


Message History

Aim: an orc wizard, wielding a dagger and wearing a robe (chance to defeat MR: 42%)
The orc wizard resists with some effort.
The orc wizard hits you but does no damage.
Casting: Ensorcelled Hibernation
Confirm with . or Enter, or press ? or * to list all spells.
Aiming: Ensorcelled Hibernation
Press: ? - help, Shift-Dir - straight line, f/p - orc wizard
Aim: an orc wizard, wielding a dagger and wearing a robe (chance to defeat MR: 42%)
The orc wizard resists with some effort.
The orc wizard miscasts a cantrip.
You hit the orc wizard but do no damage.
The orc priest invokes the aid of Beogh against you.
Something smites you!
The orc wizard gestures at you while chanting.
The puff of frost hits you!
* * * LOW HITPOINT WARNING * * *
The orc priest invokes the aid of Beogh against you.
Something smites you!
Ouch! That really hurt!
You die...

..........#
#########.#
#########)##
...........#######
...........'.....#
...........#####.#
...........# #.#
...........# #.#
...........# #@#
...........# #.#
...........# #.#
...........### #o#
..............


.oo ######..........o## #......<.......# #.##.###.#####.# #.##...# # #.# You
could see an orc priest, an orc wizard and 2 orcs.

Vanquished Creatures
  Ijyb (D:3)
  An adder (D:2)
  A giant gecko (D:1)
  7 hobgoblins
  7 jackals (D:1)
  6 kobolds
  7 bats
  A giant cockroach (D:2)
  2 giant newts
  5 goblins
  7 rats
45 creatures vanquished.

Notes
Turn   | Place    | Note
--------------------------------------------------------------
     0 | D:1      | juanjsm the Spriggan Enchanter began the quest for the Orb.
     0 | D:1      | Reached XP level 1. HP: 9/9 MP: 5/5
   151 | D:1      | Reached XP level 2. HP: 11/13 MP: 1/6
   155 | D:1      | Learned a level 2 spell: Ensorcelled Hibernation
   478 | D:1      | Reached skill level 5 in Stealth
   485 | D:1      | Reached XP level 3. HP: 15/17 MP: 0/8
   490 | D:1      | Learned a level 3 spell: Dazzling Spray
  1271 | D:3      | Noticed Ijyb
  1288 | D:3      | Killed Ijyb
  1288 | D:3      | Reached XP level 4. HP: 8/21 MP: 1/9
  1613 | D:3      | HP: 1/21 [orc wizard/puff of frost (10)]
  1615 | D:3      | Killed from afar by an orc priest

Action                   |  1- 3 |  4- 6 || total
-------------------------+-------+-------++-------
Melee: Dagger            |   118 |    12 ||   130
 Cast: Corona            |    20 |     1 ||    21
       Ensorcelled Hiber |    21 |     5 ||    26
 Stab: Sleeping          |    19 |       ||    19
